 Dungeon Crawl Stone Soup version 0.28-a0-697-g47f3eba078 (webtiles) character file.

Game seed: 7202422757704072137

93 KoroneIsBestGirl the Shield-Bearer (level 4, -1/24 HPs)
             Began as a Vine Stalker Fighter on Oct 24, 2021.
             Succumbed to a scorpion's poison
             ... on level 3 of the Dungeon.
             The game lasted 00:02:50 (3013 turns).

KoroneIsBestGirl the Shield-Bearer (VSFi)           Turns: 3013, Time: 00:02:51

Health: -1/24      AC:  4    Str: 20    XL:     4   Next: 62%
Magic:  1/5        EV: 12    Int:  8    God:
Gold:   131        SH:  4    Dex: 13    Spells: 3/3 levels left

rFire   . . .      SeeInvis .   a - +0 trident
rCold   . . .      Faith    .   c - +0 buckler
rNeg    . . .      Spirit   +   i - +1 robe {Will+}
rPois   .          Reflect  .   (no helmet)
rElec   .          Harm     .   (no cloak)
rCorr   .          Rampage  .   (no gloves)
Will    +....                   j - +0 pair of boots
Stlth   +.........              (no amulet)
HPRegen 1.08/turn               (no ring)
MPRegen 0.09/turn               (no ring)

@: mighty, lethally poisoned (-1 -> -7)
A: fangs 2, regeneration 1, magic shield, antimagic bite, no potion heal 2
a: no special abilities


You were on level 3 of the Dungeon.
You visited 1 branch of the dungeon, and saw 4 of its levels.

You collected 131 gold pieces.

Inventory:

Hand Weapons
 a - a +0 trident (weapon)
Armour
 c - a +0 buckler (worn)
 i - a +1 robe of willpower (worn)
 j - a +0 pair of boots (worn)
Scrolls
 b - a scroll of identify {unknown}
 e - a scroll of teleportation
 f - a scroll of enchant weapon {unknown}
 k - a scroll of enchant armour
 m - a scroll of vulnerability {unknown}
Potions
 g - a potion of mutation {unknown}
 h - 2 potions of flight {unknown}
 l - a potion of magic {unknown}


   Skills:
 + Level 3.1 Fighting
 + Level 2.3 Polearms
 + Level 2.9 Armour
 * Level 1.5 Dodging
 + Level 3.2 Shields


You had 3 spell levels left.
You didn't know any spells.
Your spell library contained the following spells:

 Spells                   Type           Power      Damage    Failure   Level
 Pain                     Necr           0%         1d4       43%         1
 Olgreb's Toxic Radiance  Pois           0%         N/A       99%         4
 Ozocubu's Refrigeration  Ice            0%         4d5       100%        7
 Ignition                 Fire           0%         3d3       100%        8


Dungeon Overview and Level Annotations

Branches:
Dungeon (4/15)
 Temple: D:4-7

Altars:


Innate Abilities, Weirdness & Mutations

You have extremely sharp teeth.
Your natural rate of healing is unusually fast.
When hurt, damage is shared between your health and your magic reserves.
Your bite disrupts and absorbs the magic of your enemies.
Potions cannot restore your health.


Message History

The goblin shouts!
You hear a shout!
Found a glowing quarterstaff.
There is a stone staircase leading up here.
You barely miss the goblin. Your bite misses the goblin.
The goblin hits you but does no damage.
You hit the goblin.
You kill the goblin!
A kobold comes into view. It is wielding a +0 dagger.
The scorpion misses you.
You climb upwards.
There is a stone staircase leading down here.
You closely miss the scorpion.
The scorpion stings you but does no damage.
You hit the scorpion but do no damage. You bite the scorpion.
You drain its power.
The scorpion is lightly wounded.
The scorpion barely misses you. The scorpion stings you.
You are poisoned.
The scorpion poisons you!
You barely miss the scorpion.
The scorpion is lightly wounded.
You feel very sick. The scorpion stings you.
You are lethally poisoned!
The scorpion poisons you!
You are too injured to fight recklessly!
You are too injured to fight recklessly!
You feel very mighty all of a sudden.
* * * LOW HITPOINT WARNING * * *
You feel very sick.
The scorpion stings you but does no damage.
You hit the scorpion. Your bite misses the scorpion.
The scorpion is moderately wounded.
* * * LOW HITPOINT WARNING * * *
You feel very sick. The scorpion completely misses you.
The scorpion stings you.
* * * LOW HITPOINT WARNING * * *
You barely miss the scorpion. Your bite misses the scorpion.
The scorpion is moderately wounded.
You die...

#####.########..####
#.......##...>......
#.#.....##.####.###.
#.#.....##.# ##.# #.
#.#.....##.# #..# #.
#.......##.# #.## #.
###.######.# #.# #.
#.# #.# #.# #. #@#
#.# #.####. #s# #.#
#...... #.######.#
######. #........#
#. ########## #. ##


You could see a scorpion.

Vanquished Creatures
  3 adders (D:3)
  A worm (D:3)
  2 dart slugs
  2 bats
  4 endoplasms
  2 giant cockroaches
  9 goblins
  5 hobgoblins
  A kobold (D:3)
  8 quokkas
  8 ball pythons
  3 frilled lizards
  5 rats
53 creatures vanquished.

Notes
Turn   | Place    | Note
-------+----------+-------------------------------------------
     0 | D:1      | KoroneIsBestGirl the Vine Stalker Fighter began the quest
                  | for the Orb.
     0 | D:1      | Reached XP level 1. HP: 11/11 MP: 2/2
   441 | D:1      | Reached XP level 2. HP: 16/16 MP: 3/3
   710 | D:1      | Found a faded altar of an unknown god.
   719 | D:1      | Got Plato's Volume of Sinister Magic
  1142 | D:1      | Reached XP level 3. HP: 18/19 MP: 4/4
  1768 | D:2      | Reached skill level 1 in Dodging
  2323 | D:3      | Gained mutation: Your natural rate of healing is unusually
                  | fast. [Vine Stalker growth]
  2323 | D:3      | Reached XP level 4. HP: 17/24 MP: 5/5
  2937 | D:4      | Noticed a scorpion
  3012 | D:3      | HP: 1/24 [scorpion (3)]
  3013 | D:3      | Succumbed to a scorpion's poison

Illustrated notes

Levels and vault maps discovered:
D:1:      heliophobic_arrival_enchanted_forest, layout_loops_corners,
          shapermc_ecumenical_altar_rom_forum
D:2:      layout_basic, nrook_mini_vaults
D:3:      layout_loops_ring, nrook_campfire
D:4:      layout_cave_pools, cheibrodos_sewer_entry_bend

Skill      XL: |  1  2  3 |
---------------+----------+-----
Polearms       | 2 |  2.3
Shields        | 3 |  3.2
Fighting       | 3 |  3.1
Dodging        | 1 |  1.5
Armour         | |  2.9

Action                   |  1- 3 |  4- 6 || total
-------------------------+-------+-------++-------
Melee: Trident           |   107 |    39 ||   146
       Bite              |    21 |     9 ||    30
  Use: Scroll            |     3 |       ||     3
       Potion            |       |     1 ||     1
 Stab: Sleeping          |     1 |     1 ||     2
Armor: Scale mail        |     4 |       ||     4
       Robe              |     7 |     5 ||    12
Dodge: Dodged            |    49 |    10 ||    59
Block: Buckler           |    17 |     7 ||    24

Table legend: (Time is in decaauts)
 A = Elapsed time spent in this place.
 B = Non-inter-level travel time spent in this place.
 C = Inter-level travel time spent in this place.
 D = Time resting spent in this place.
 E = Time spent auto-exploring this place.
 F = Levels seen in this place.
 G = Mean time per level.
                   A        B        C        D        E       F      G
               +--------+--------+--------+--------+--------+-----+--------+
         Total |   3046 |   2904 |    142 |      4 |   2521 |   4 |  761.5 |
       Dungeon |   3046 |   2904 |    142 |      4 |   2521 |   4 |  761.5 |
               +--------+--------+--------+--------+--------+-----+--------+

Top non-repeatable levels by time:
     D:1: 1376 daAuts
     D:3: 981 daAuts
     D:2: 681 daAuts
     D:4: 6 daAuts
